 Dungeon Crawl Stone Soup version 0.23.0-3-gf3c87f2 (webtiles) character file.

Game seed: 16148995235329780372

74764 Inarius the Stickfighter (level 15, -12/127 HPs)
             Began as a Mummy Wanderer on Feb 21, 2019.
             Was an Initiate of Gozag.
             Mangled by an ettin
             ... wielding a cursed -1 dire flail
              (32 damage)
             ... on level 14 of the Dungeon.
             The game lasted 00:53:11 (27498 turns).

Inarius the Stickfighter (Mummy Wanderer)          Turns: 27498, Time: 00:53:12

Health: -12/127    AC: 37    Str: 20    XL:     15   Next: 7%
Magic:  15/15      EV: 11    Int: 13    God:    Gozag
Gold:   3725       SH:  4    Dex: 18    Spells: 14/14 levels left

rFire    . . .     SeeInvis .   a - +5 quarterstaff (vamp)
rCold    . . .     Gourm    .   (shield currently unavailable)
rNeg     + + +     Faith    .   F - +14 chain mail "Itry Gocude" {rElec}
rPois    ∞         Spirit   .   J - +0 helmet of Bad Feelings {rF+ rC- rN+}
rElec    +         Reflect  +   s - +0 cloak
rCorr    .         Harm     .   T - +0 pair of gloves
MR       +....                  Q - +2 pair of boots {Stlth+}
Stlth    ..........             h - +4 amulet of reflection
HPRegen  0.31/turn              w - +5 ring of protection
MPRegen  0.14/turn              R - +6 ring of dexterity

@: no status effects
A: no food or potions, fire vulnerability, cold resistance 1, negative energy
resistance 3, torment resistance, unbreathing, in touch with death 1
a: Potion Petition, Call Merchant, Bribe Branch, Renounce Religion


You were on level 14 of the Dungeon.
You worshipped Gozag.
Gozag was most pleased with you.
You were not hungry.

You visited 3 branches of the dungeon, and saw 22 of its levels.
You also visited: Gauntlet.

You collected 5960 gold pieces.
You spent 383 gold pieces at shops.
You paid 1852 gold pieces to Gozag.

Inventory:

Hand Weapons
 a - a +5 vampiric quarterstaff (weapon)
 d - a +0 dagger
 e - a +1 antimagic flail
 i - a +2 flail of protection
 M - the +2 morningstar of Gairua {flame, +Fly rF+}
   (You took it off a minotaur in a Gauntlet)

   It has been specially enchanted to burn those struck by it, causing extra
   injury to most foes and up to half again as much damage against particularly
   susceptible opponents.
   It protects you from fire.
   It lets you fly.
Missiles
 j - 9 javelins (quivered)
 k - 14 javelins of returning
 l - 3 throwing nets
 m - a poisoned tomahawk
 I - 8 tomahawks of returning
Armour
 r - a +2 hat of magic resistance
 s - a +0 cloak (worn)
 v - a +3 ring mail of fire resistance
 F - the +14 chain mail "Itry Gocude" (worn) {rElec}
   (You found it on level 3 of the Lair of Beasts)

   It insulates you from electricity.
 J - the +0 helmet of Bad Feelings (worn) {rF+ rC- rN+}
   (You found it in a Gauntlet)

   It protects you from fire.
   It makes you vulnerable to cold.
   It protects you from negative energy.
 K - the +0 helmet "Diug" {-Cast Regen+ rCorr}
   (You found it in a Gauntlet)

   It prevents spellcasting.
   It increases your rate of regeneration.
   It provides partial protection from all sources of acid and corrosion.
 Q - a +2 pair of boots of stealth (worn)
 T - a +0 pair of gloves (worn)
 V - a +1 scale mail of magic resistance
Jewellery
 h - a +4 amulet of reflection (around neck)
 w - a +5 ring of protection (left hand)
 y - an uncursed ring of protection from cold
 N - an uncursed ring of stealth
 R - a +6 ring of dexterity (right hand)
 S - a +3 ring of protection
 Z - a +4 ring of evasion {unknown}
Wands
 g - a wand of polymorph (11)
 A - a wand of acid (2)
 E - a wand of flame (18)
 G - a wand of random effects (39)
 O - a wand of digging (3)
 P - a wand of paralysis (10)
 U - a wand of scattershot (2)
 X - a wand of iceblast (6)
Scrolls
 b - 7 scrolls of teleportation
 f - 3 scrolls of fog
 n - 4 scrolls of immolation
 o - 4 scrolls of fear
 p - 8 scrolls of remove curse
 t - a scroll of silence
 u - 3 scrolls of blinking
 x - 5 scrolls of magic mapping
 z - a scroll of torment
 C - 2 scrolls of noise
 D - 7 scrolls of identify
 H - 4 scrolls of enchant armour
 L - 2 scrolls of enchant weapon
Miscellaneous
 c - a box of beasts
 B - a lightning rod (4/4)
 W - a phantom mirror
 Y - a lamp of fire


   Skills:
 + Level 14.4 Fighting
 * Level 15.4 Staves
 + Level 2.9 Throwing
 + Level 8.1 Armour
 + Level 4.9 Dodging
 - Level 1.5 Stealth
   Level 4.9 Shields
 + Level 1.0 Evocations


You had 14 spell levels left.
You didn't know any spells.
Your spell library contained the following spells:

 Spells                   Type           Power        Failure   Level  Hunger
 Corona                   Hex            #......      94%         1    N/A
 Slow                     Hex            #.......     98%         2    N/A
 Inner Flame              Hex/Fire       #.......     100%        3    N/A
 Portal Projectile        Hex/Tloc       #.....       100%        3    N/A
 Cause Fear               Hex            #.........   100%        4    N/A
 Leda's Liquefaction      Hex/Erth       #.........   100%        4    N/A

Dungeon Overview and Level Annotations

Branches:
Dungeon (15/15)            Temple (1/1) D:6            Lair (6/6) D:8
  Swamp (0/4) Lair:4       Spider (0/4) Lair:2        Slime (0/5) Lair:6
    Orc (0/2) D:10         Vaults (0/5) D:13
 Depths: D:15

Altars:
Ashenzari
Dithmenos
Elyvilon
Fedhas
Gozag
Kikubaaqudgha
Makhleb
Nemelex Xobeh
Okawaru
Qazlal
Vehumet
Wu Jian
Xom
Yredelemnul
Zin

Shops:
D:6 %   D:8 *   D:10 ?   D:12 !

Annotations:
D:5 2 transporters, FrothyCoffee's ghost, novice MfAs


Innate Abilities, Weirdness & Mutations

You do not eat or drink.
Your flesh is vulnerable to fire.
You are immune to poison.
Your flesh is cold resistant. (rC+)
You are immune to negative energy. (rN+++)
You are immune to unholy pain and torment.
You can survive without breathing.
You are in touch with the powers of death.


Message History

You bludgeon the ettin!!
The ettin is severely wounded.
The ettin closely misses you.
The ettin hits you with a +0 great mace!
* * * LOW HITPOINT WARNING * * *
You hit the ettin but do no damage.
The ettin is severely wounded.
You bludgeon the ettin!!
The ettin is almost dead.
The ettin hits you with a cursed -1 dire flail!
* * * LOW HITPOINT WARNING * * *
The ettin hits you but does no damage.
There is an open door here.
You close the door.
An ettin opens the door.
There is an open door, spattered with blood here.
Things that are here:
a +0 ring mail; a +0 dire flail The ettin hits you with a cursed -1 dire flail!!
You die...
Your body crumbles into a pile of gold.

####### ###### #.....# ####....#
######### #.....# #..'....'
........#######.....# ###.##....#
#######......##.....###...##....#
######..'.....'...######'##
####.@...##### #.## #..C..# #..#
########### ####[## ##.#
#.<.#.....# #..# #.# #)#.###.###
#.## ######'# ')#...#...#
#####'########.......
#.###.###.###.......#....'.....((
#.#.......'.'.......'>####.......
#.#######.###.......### #.......


You could see an ettin.

Vanquished Creatures
  Frances (D:13)
  Gastronok (D:8)
  Azrael (D:13)
  A minotaur (Gauntlet)
  Snorg (Lair:4)
  Harold (D:8)
  8 hydras
  5 centaur warriors
  A catoblepas (Lair:6)
  6 death yaks (Lair:6)
  2 tengu warriors (D:14)
  5 two-headed ogres
  A deep troll shaman (Lair:6)
  A thrashing horror (Gauntlet)
  A lindwurm (Lair:6)
  A wolf spider (Lair:2)
  3 deep elf magi
  11 ugly things
  A salamander (Lair:6)
  An apocalypse crab (Gauntlet)
  3 manticores
  4 elephants (Lair:6)
  4 black mambas
  A molten gargoyle (Lair:6)
  Psyche (D:8)
  15 spiny frogs
  A gargoyle (D:14)
  A torpor snail (Lair:5)
  A rime drake (Lair:5)
  A yaktaur (shapeshifter) (D:14)
  10 komodo dragons
  2 jumping spiders (Lair:2)
  A queen bee (shapeshifter) (D:13)
  A polar bear (Lair:6)
  A tengu conjurer (D:14)
  2 trolls
  2 hornets
  2 meliai zombies
  4 small abominations (Gauntlet)
  8 blink frogs
  6 dream sheep (Lair:6)
  5 hippogriffs
  34 yaks
  4 hogs (D:7)
  4 wyverns
  A vampire (D:12)
  A wraith (D:11)
  12 humans
  5 fire elementals (D:13)
  2 basilisks
  3 hungry ghosts
  4 swamp worms (Lair:4)
  11 water moccasins
  4 porcupines
  3 hell hounds (D:13)
  2 acid dragons
  10 orc warriors
  3 sky beasts
  4 phantoms
  4 black bears
  3 ice beasts
  3 ogres
  3 eyes of draining
  13 wolves
  10 centaurs
  12 crocodiles
  2 big kobolds
  19 bullfrogs
  A wyvern zombie (D:11)
  4 scorpions
  22 wights
  5 killer bees
  3 howler monkeys
  4 electric eels
  6 crimson imps
  4 bullfrog zombies
  3 centaur zombies
  11 orc priests
  11 hounds
  12 jellies
  A gnoll shaman (D:9)
  4 centaur skeletons
  3 bullfrog skeletons
  2 iguanas (D:13)
  Natasha (thrice) (D:4)
  10 orc wizards
  7 worker ants
  9 hell rats (Lair:1)
  A hound zombie (D:3)
  A worker ant zombie (D:5)
  2 howler monkey skeletons (D:8)
  6 gnolls
  8 adders
  16 river rats (Lair:1)
  5 shadow imps
  2 oozes (Lair:6)
  2 adder zombies
  3 adder skeletons
  5 worms
  4 dart slugs
  5 leopard geckos
  53 orcs
  4 ball pythons
  7 giant cockroaches
  5 goblins
  7 hobgoblins
  7 jackals
  9 kobolds
  10 quokkas
  8 bats
  13 frilled lizards
  A quokka skeleton (D:9)
  15 rats
  A fungus (Lair:3)
630 creatures vanquished.

Vanquished Creatures (collateral kills)
  A killer bee (D:8)
  2 orc priests
  A jelly (D:8)
  An orc (D:8)
5 creatures vanquished.

Vanquished Creatures (others)
  A human (D:13)
  3 fungi
  4 plants
8 creatures vanquished.

Grand Total: 643 creatures vanquished

Notes
Turn   | Place    | Note
-------+----------+-------------------------------------------
     0 | D:1      | Inarius the Mummy Wanderer began the quest for the Orb.
     0 | D:1      | Inarius set off with the following items: a +2
                  | quarterstaff, 2 scrolls of teleportation, a +0 robe, a +0
                  | dagger
     0 | D:1      | Reached XP level 1. HP: 21/21 MP: 1/1
   219 | D:1      | Reached XP level 2. HP: 27/27 MP: 2/2
  1148 | D:2      | Reached XP level 3. HP: 32/33 MP: 3/3
  1599 | D:2      | Reached XP level 4. HP: 37/40 MP: 4/4
  1941 | D:3      | Reached skill level 2 in Staves
  2220 | D:3      | Reached XP level 5. HP: 45/46 MP: 5/5
  2315 | D:3      | Reached skill level 3 in Staves
  2498 | D:3      | Found a blossoming altar of Fedhas.
  2608 | D:3      | Found a radiant altar of Vehumet.
  2609 | D:3      | Found a burning altar of Makhleb.
  3013 | D:4      | Reached XP level 6. HP: 50/52 MP: 6/6
  3190 | D:4      | Reached skill level 4 in Staves
  3205 | D:4      | Noticed Natasha
  3222 | D:4      | Killed Natasha
  3689 | D:4      | Noticed Natasha
  3699 | D:4      | Killed Natasha
  3778 | D:4      | Found a basalt altar of Yredelemnul.
  3778 | D:4      | Found a white marble altar of Elyvilon.
  3817 | D:3      | Reached XP level 7. HP: 43/59 MP: 7/7
  3982 | D:4      | Reached skill level 1 in Dodging
  4038 | D:4      | Found an ancient bone altar of Kikubaaqudgha.
  4040 | D:4      | Found a faded altar of an unknown god.
  4041 | D:4      | Found a faded altar of an unknown god.
  4139 | D:4      | Noticed Natasha
  4150 | D:4      | Killed Natasha
  4150 | D:4      | Reached skill level 5 in Staves
  4403 | D:4      | Found a shadowy altar of Dithmenos.
  4515 | D:5      | Entered Level 5 of the Dungeon
  4840 | D:5      | Found a transporter.
  4855 | D:5      | Noticed FrothyCoffee's ghost (novice MfAs)
  4861 | D:5      | Found a transporter.
  5676 | D:6      | Reached skill level 6 in Staves
  5676 | D:6      | Reached XP level 8. HP: 62/65 MP: 8/8
  5713 | D:6      | Found a staircase to the Ecumenical Temple.
  5734 | Temple   | Entered the Ecumenical Temple
  5743 | Temple   | Became a worshipper of Gozag Ym Sagoz the Greedy
  6252 | D:6      | Found Mon Tet's Food Boutique.
  6479 | D:7      | Found a radiant altar of Vehumet.
  6720 | D:7      | Reached skill level 7 in Staves
  7032 | D:7      | Found an ornate altar of the Wu Jian Council.
  7054 | D:7      | Found a shimmering altar of Xom.
  7178 | D:7      | Reached XP level 9. HP: 63/72 MP: 9/9
  7184 | D:7      | Reached skill level 8 in Staves
  7318 | D:7      | Found a stormy altar of Qazlal.
  7573 | D:8      | Noticed Harold
  7636 | D:8      | You fall through a shaft for 2 floors!
  7636 | D:10     | Entered Level 10 of the Dungeon
  7643 | D:10     | Found a staircase to the Orcish Mines.
  8475 | D:8      | Noticed a troll
  9190 | D:8      | Noticed Psyche
  9197 | D:8      | Killed Psyche
  9197 | D:8      | Reached skill level 9 in Staves
  9272 | D:8      | Reached skill level 1 in Throwing
  9419 | D:8      | Found Zin's Purification Station.
  9449 | D:8      | Reached XP level 10. HP: 63/82 MP: 10/10
  9540 | D:8      | Found a glowing silver altar of Zin.
 10214 | D:8      | Found a staircase to the Lair.
 10453 | D:8      | Killed Harold
 10746 | D:9      | Found an iron altar of Okawaru.
 10757 | D:9      | Noticed Gastronok
 11506 | D:8      | Killed Gastronok
 11506 | D:8      | Reached skill level 10 in Staves
 12182 | D:9      | Noticed a two-headed ogre
 12220 | D:9      | Killed a two-headed ogre
 12481 | D:9      | Reached XP level 11. HP: 83/89 MP: 11/11
 12930 | D:9      | Found a sparkling altar of Nemelex Xobeh.
 13377 | D:10     | HP: 2/89 [acid (11)]
 13661 | D:10     | Reached skill level 11 in Staves
 13685 | D:10     | Found Pucha's Magic Scroll Boutique.
 13695 | D:10     | Bought a scroll of brand weapon for 260 gold pieces
 13695 | D:10     | Bought a scroll of blinking for 97 gold pieces
 13695 | D:10     | Bought a scroll of identify for 26 gold pieces
 13815 | D:10     | Found a stormy altar of Qazlal.
 14027 | D:11     | Found a shadowy altar of Dithmenos.
 14270 | D:11     | Noticed a two-headed ogre
 14303 | D:11     | Killed a two-headed ogre
 14999 | Lair:1   | Entered Level 1 of the Lair of Beasts
 15064 | Lair:1   | Reached skill level 10 in Fighting
 15065 | Lair:1   | Noticed an eight-headed hydra
 15077 | Lair:1   | Killed an eight-headed hydra
 15263 | Lair:1   | Noticed a four-headed hydra
 15275 | Lair:1   | Killed a four-headed hydra
 15275 | Lair:1   | Reached skill level 5 in Armour
 15388 | Lair:1   | Reached skill level 12 in Staves
 15451 | Lair:1   | Noticed a six-headed hydra
 15476 | Lair:1   | Killed a six-headed hydra
 15640 | Lair:1   | Reached XP level 12. HP: 71/98 MP: 12/12
 16915 | Lair:2   | Found a hole to the Spider Nest.
 16924 | Lair:2   | Reached skill level 13 in Staves
 17606 | Lair:3   | Found a gate leading to a gauntlet.
 17607 | Lair:3   | Noticed a seven-headed hydra
 17615 | Lair:3   | Killed a seven-headed hydra
 17653 | Gauntlet | Entered a Gauntlet
 17653 | Gauntlet | Found a transporter.
 17653 | Gauntlet | Found a transporter.
 17653 | Gauntlet | Found a transporter.
 17653 | Gauntlet | Found a transporter.
 17653 | Gauntlet | Noticed a tengu warrior
 17657 | Gauntlet | Found a transporter.
 17672 | Gauntlet | Found a transporter.
 17676 | Gauntlet | Found a large runed translucent door.
 17677 | Gauntlet | Found a large runed translucent door.
 17678 | Gauntlet | Found a large runed translucent door.
 17678 | Gauntlet | Found a large runed translucent door.
 17678 | Gauntlet | Found a runed translucent door.
 17690 | Gauntlet | Noticed a death ooze
 17691 | Gauntlet | Found a transporter.
 17695 | Gauntlet | Found a transporter.
 17712 | Gauntlet | Found a transporter.
 17729 | Gauntlet | Found a transporter.
 17733 | Gauntlet | Found a large runed translucent door.
 17734 | Gauntlet | Found a large runed translucent door.
 17735 | Gauntlet | Found a large runed translucent door.
 17735 | Gauntlet | Found a large runed translucent door.
 17736 | Gauntlet | Found a runed translucent gate.
 17737 | Gauntlet | Found a transporter.
 17737 | Gauntlet | Found a runed translucent gate.
 17738 | Gauntlet | Found a runed translucent gate.
 17739 | Gauntlet | Found a large runed translucent door.
 17739 | Gauntlet | Found a large runed translucent door.
 17740 | Gauntlet | Found a large runed translucent door.
 17741 | Gauntlet | Found a large runed translucent door.
 17750 | Gauntlet | Found a large runed translucent door.
 17750 | Gauntlet | Found a large runed translucent door.
 17750 | Gauntlet | Found a runed translucent door.
 17751 | Gauntlet | Found a large runed translucent door.
 17752 | Gauntlet | Found a large runed translucent door.
 17754 | Gauntlet | Found a transporter.
 17911 | Gauntlet | Got a faintly glowing helmet
 17965 | Gauntlet | Identified the +0 helmet of Bad Feelings {rF+ rC- rN+} (You
                  | found it in a Gauntlet)
 18002 | Gauntlet | Got a brightly glowing helmet
 18029 | Gauntlet | Identified the +0 helmet "Diug" {-Cast Regen+ rCorr} (You
                  | found it in a Gauntlet)
 18126 | Gauntlet | Identified the +2 morningstar of Gairua {flame, +Fly rF+}
 18126 | Gauntlet | Noticed a minotaur
 18159 | Gauntlet | Killed a minotaur
 19064 | Lair:3   | You fall through a shaft!
 19072 | Lair:4   | Gained mutation: You are in touch with the powers of death.
                  | [Mummy growth]
 19072 | Lair:4   | Reached XP level 13. HP: 103/106 MP: 13/13
 19360 | Lair:3   | Got a bloodstained chain mail
 19466 | Lair:3   | Identified the +14 chain mail "Itry Gocude" {rElec} (You
                  | found it on level 3 of the Lair of Beasts)
 20271 | Lair:4   | Noticed Snorg
 20285 | Lair:4   | Killed Snorg
 20420 | Lair:4   | You fall through a shaft for 2 floors!
 20420 | Lair:6   | Entered Level 6 of the Lair of Beasts
 20420 | Lair:6   | Found a staircase to the Slime Pits.
 20742 | Lair:5   | Reached skill level 14 in Staves
 20914 | Lair:5   | Found the +8 longbow "Zephyr" {speed, Dex+3 SInv}
 21138 | Lair:4   | Found a staircase to the Swamp.
 22932 | Lair:6   | Reached XP level 14. HP: 118/118 MP: 14/14
 24209 | D:12     | Found Qoyx's Distillery.
 24688 | D:13     | Noticed Frances
 24713 | D:13     | Killed Frances
 24960 | D:13     | Noticed Azrael
 24986 | D:13     | Killed Azrael
 25131 | D:13     | Reached skill level 15 in Staves
 25558 | D:13     | Reached skill level 1 in Evocations
 25629 | D:13     | Found a gate to the Vaults.
 26968 | D:14     | Reached XP level 15. HP: 127/127 MP: 15/15
 27439 | D:15     | Entered Level 15 of the Dungeon
 27498 | D:14     | Mangled by an ettin

Skill      XL: |  1  2  3  4  5  6  7  8  9 10 11 12 13 14 |
---------------+-------------------------------------------+-----
Staves         | 2 3 4 6 7 9 10 12 13 14 15 | 15.4
Fighting       | 6 7 8 9 10 11 13 14 | 14.4
Armour         | 2 3 4 5 6 7 8 |  8.1
Dodging        | 1 2 3 4 |  4.9
Throwing       | 1 2 |  2.9
Shields        | 2 3 4 |  4.9
Evocations     | 1 |  1.0
Stealth        | |  1.5

Action                   |  1- 3 |  4- 6 |  7- 9 | 10-12 | 13-15 || total
-------------------------+-------+-------+-------+-------+-------++-------
Melee: Quarterstaff      |    98 |   232 |   420 |  1082 |  1443 ||  3275
       Flail             |     1 |       |       |       |       ||     1
Throw: Javelin           |       |     4 |    23 |    46 |     7 ||    80
       Throwing net      |       |       |       |     5 |       ||     5
       Tomahawk          |       |       |       |    12 |       ||    12
Invok: Potion Petition   |       |       |       |     5 |       ||     5
Evoke: Wand              |       |       |    12 |     2 |     5 ||    19
  Use: Scroll            |       |       |    13 |    10 |     8 ||    31
 Stab: Distracted        |       |       |     1 |     5 |    11 ||    17
       Held in net/web   |       |       |       |     5 |       ||     5
Armor: Robe              |     3 |       |       |       |       ||     3
       Chain mail        |    54 |   127 |    41 |       |   643 ||   865
       Ring mail         |       |       |   203 |   407 |    19 ||   629
Dodge: Dodged            |    36 |    79 |   216 |   436 |   394 ||  1161
Block: Other             |    15 |    36 |   109 |   140 |   163 ||   463
       Reflection        |       |     1 |     6 |     1 |     4 ||    12
